 Dungeon Crawl Stone Soup version 0.30-a0-857-gcaf70739d4 (webtiles) character file.

Game seed: 466145942525676812

4147 Sabo the Cruncher (level 10, 0/85 HPs)
             Began as a Gnoll Wanderer on Mar 2, 2023.
             Was a Believer of Qazlal.
             Slain by a very large slime creature (27 damage)
             ... on level 8 of the Dungeon on Mar 5, 2023.
             The game lasted 00:55:16 (10984 turns).

Sabo the Cruncher (Gnoll Wanderer)                 Turns: 10984, Time: 00:55:16

Health: 0/85       AC: 12    Str:  9    XL:     10   Next: 27%
Magic:  26/26      EV: 13    Int: 13    God:    Qazlal [**....]
Gold:   168        SH:  2    Dex: 23    Spells: 18/19 levels left

rFire   + . .      SeeInvis .    L - +4 scimitar of Qioxiac {vamp, rF+ Will+}
rCold   . . .      Faith    .    (no shield)
rNeg    . . .      Spirit   .    t - +4 ring mail {Will+}
rPois   .          Reflect  .    (no helmet)
rElec   .          Rampage  .    (no cloak)
rCorr   .                        w - +0 pair of gloves
Will    +++..                    i - +0 pair of boots
Stlth   ++                       (no amulet)
HPRegen 0.34/turn                g - ring of magical power
MPRegen 0.20/turn                s - +6 ring of dexterity

@: no status effects
A: fangs 1, strong nose, distributed training, strong-willed 1, noise
suppression
a: Renounce Religion, Upheaval


You were on level 8 of the Dungeon.
You worshipped Qazlal.
Qazlal was pleased with you.
You visited 1 branch of the dungeon, and saw 8 of its levels.
You also visited: Ossuary.

You collected 453 gold pieces.
You spent 285 gold pieces at shops.

Inventory:

Hand Weapons
 a - a +3 quarterstaff
 k - a +2 falchion of draining
 r - a +0 shortbow
 x - a +1 sling of draining
 G - a +1 whip of electrocution
 J - a +1 morningstar of protection
 K - a +2 flail
 L - the +4 scimitar of Qioxiac (weapon) {vamp, rF+ Will+}
   (You bought it in a shop on level 7 of the Dungeon)

   rF:        It protects you from fire.
   Will:      It increases your willpower.
Missiles
 d - a throwing net
 e - 7 poisoned darts
 p - 2 javelins (quivered)
Armour
 i - a +0 pair of boots (worn)
 t - a +4 ring mail of willpower (worn)
 w - a +0 pair of gloves (worn)
Magical Staves
 z - a staff of fire
Jewellery
 g - a ring of magical power (left hand)
 j - a ring of fire
 s - a +6 ring of dexterity (right hand)
Wands
 v - a wand of polymorph (6)
 y - a wand of mindburst (24)
 M - a wand of flame (15)
 N - a wand of iceblast (13)
Scrolls
 f - a scroll of teleportation
 o - 2 scrolls of magic mapping
 u - 3 scrolls of fear
 B - a scroll of amnesia
 C - a scroll of blinking
 E - a scroll of fog {unknown}
 F - a scroll of noise {unknown}
Potions
 b - 6 potions of curing
 c - a potion of haste
 h - 2 potions of mutation
 l - 2 potions of cancellation {unknown}
 m - a potion of heal wounds
 n - 3 potions of lignification {unknown}
 q - 2 potions of berserk rage
 A - a potion of degeneration {unknown}
 D - 2 potions of brilliance {unknown}
 H - 2 potions of might {unknown}
 I - a potion of flight {unknown}


   Skills:
 + Level 10.1 Fighting
 + Level 5.3 Short Blades
 + Level 5.3 Long Blades
 + Level 5.3 Axes
 + Level 5.3 Maces & Flails
 + Level 5.3 Polearms
 + Level 11.7 Staves
 + Level 5.3 Ranged Weapons
 + Level 6.0 Throwing
 + Level 5.3 Armour
 + Level 5.3 Dodging
 + Level 5.3 Stealth
 + Level 5.3 Shields
 + Level 5.3 Unarmed Combat
 + Level 5.3 Spellcasting
 + Level 4.4 Conjurations
 + Level 4.4 Hexes
 + Level 4.4 Summonings
 + Level 4.4 Necromancy
 + Level 4.4 Translocations
 + Level 4.4 Transmutations
 + Level 4.4 Fire Magic
 + Level 4.4 Ice Magic
 + Level 4.4 Air Magic
 + Level 4.4 Earth Magic
 + Level 4.4 Poison Magic
 + Level 5.8 Invocations
 + Level 5.3 Evocations


You had 18 spell levels left.
You knew the following spells:

 Your Spells              Type           Power      Damage    Failure   Level
a - Magic Dart            Conj           56%        1d5       8%          1

Your spell library contained the following spells:

 Spells                   Type           Power      Damage    Failure   Level
 Necrotise                Necr           56%        1d6       8%          1
 Call Imp                 Summ           14%        N/A       12%         2
 Hailstorm                Conj/Ice       14%        3d5       22%         3
 Mephitic Cloud           Conj/Pois/Air  14%        N/A       22%         3
 Vampiric Draining        Necr           14%        2d7       22%         3
 Ice Form                 Ice/Tmut       14%        N/A       58%         4
 Manifold Assault         Tloc           14%        N/A       58%         4
 Summon Ice Beast         Ice/Summ       14%        N/A       58%         4
 Agony                    Necr           14%        N/A       91%         5
 Summon Mana Viper        Hex/Summ       14%        N/A       91%         5
 Dispersal                Tloc           7%         N/A       100%        6
 Simulacrum               Ice/Necr       7%         N/A       100%        6
 Monstrous Menagerie      Summ           7%         N/A       100%        7
 Disjunction              Tloc           7%         N/A       100%        8


Dungeon Overview and Level Annotations

Branches:
Dungeon (8/15)             Temple (0/1) D:6         Ossuary (visited)
   Lair: D:8-11

Altars:
Elyvilon
Nemelex Xobeh
Qazlal
Xom
Zin
The Shining One

Shops:
D:3 !   D:7 *


Innate Abilities, Weirdness & Mutations

You have very sharp teeth.
Your uncanny sense of smell can sniff out nearby items.
Your experience applies equally to all skills.
You are strong-willed. (Will+)
You passively dampen the noise of your surroundings.


Message History

* * * LOW HITPOINT WARNING * * *
The orc closely misses you.
You slash the large slime creature!
You feel better.
You punch the large slime creature, but do no damage.
The large slime creature is almost dead.
The large slime creature hits you!
* * * LOW HITPOINT WARNING * * *
The orc barely misses you.
You feel much better. The large slime creature hits you!!
* * * LOW HITPOINT WARNING * * *
The orc closely misses you.
You feel much better.
Two slime creatures merge to form a very large slime creature.
The orc barely misses you.
You slash the very large slime creature!
You feel better.
The very large slime creature is heavily wounded.
You slash the very large slime creature!
You feel better.
The very large slime creature is severely wounded.
The very large slime creature barely misses you.
You hit the very large slime creature.
You feel better.
The very large slime creature is severely wounded.
The very large slime creature hits you!!
* * * LOW HITPOINT WARNING * * *
The very large slime creature misses you.
You slash the very large slime creature!
You feel better.
The very large slime creature is severely wounded.
The very large slime creature hits you but does no damage.
You slash the very large slime creature!
You feel better.
You bite the very large slime creature, but do no damage.
The very large slime creature is severely wounded.
The howler monkey hoots and howls with incredible vigour!
The very large slime creature completely misses you.
You barely miss the very large slime creature.
The very large slime creature is severely wounded.
The very large slime creature hits you!!
You die...

###########.......#.# #.
#..>.......<........# #.
#.#########..####.### #.
#.##.## ###..# #..# #.
####.#.#.###....# #..#
##. #.....[......##.#
#..# #..
#.#..##......##.# #<.#
###.. # #.#.#.#.##.##.#
#..# #.... #.
#...###@##.# #..# #....
.. ##.####J##.#
#..####.... .#.
#.##.hl...# #..........
.### ..##o#o####
#.#####.#.. ##
#####.o..# #.# #.###
#.....# #.# #.#
.J....... ..# #.#
hJ#.....##########(###
..o................<....


You could see a very large slime creature, an orc warrior, a wyvern, a howler
monkey (catching breath) and 2 orcs.

Vanquished Creatures
  The ghost of Nabski the Destroyer, a novice TeFE of Hepliaklqana (D:8)
  The ghost of oldmanjim the Shooter, a novice FoHu of Okawaru (D:7)
  3 slime creatures (D:8)
  A wraith (Ossuary)
  A water moccasin (D:5)
  2 sky beasts (D:6)
  An ogre (D:4)
  2 centaurs
  A phantom (D:5)
  A kobold brigand (D:6)
  3 bullfrogs
  A gnoll sergeant (D:8)
  3 scorpions
  5 wights (D:7)
  6 killer bees (D:6)
  2 jellies
  2 hounds
  A gnoll bouda (D:6)
  2 orc priests
  3 sleepcaps
  6 iguanas
  Ijyb (D:3)
  6 orc wizards (D:7)
  3 mummies (Ossuary)
  8 gnolls
  4 adders
  A shadow imp (D:6)
  A white imp (D:7)
  An ufetubus (D:7)
  2 worms
  3 dart slugs
  17 orcs
  6 ball pythons
  5 endoplasms
  5 giant cockroaches
  8 goblins
  6 hobgoblins
  3 jackals (D:1)
  10 kobolds
  4 quokkas
  11 bats
  A frilled lizard (D:1)
  A gnoll zombie (Ossuary)
  A goblin zombie (Ossuary)
  A hobgoblin zombie (Ossuary)
  4 kobold zombies (Ossuary)
  10 rats
171 creatures vanquished.

Vanquished Creatures (others)
  6 plants (D:4)
  2 withered plants (D:8)
8 creatures vanquished.

Grand Total: 179 creatures vanquished

Notes
Turn   | Place    | Note
-------+----------+-------------------------------------------
     0 | D:1      | Reached skill level 10 in Staves
     0 | D:1      | Sabo the Gnoll Wanderer began the quest for the Orb.
     0 | D:1      | Sabo set off with the following items: a +3 quarterstaff, a
                  | potion of curing, a potion of haste, a +0 robe.
     0 | D:1      | Reached XP level 1. HP: 26/26 MP: 1/1
    77 | D:1      | Reached XP level 2. HP: 33/33 MP: 2/2
   504 | D:1      | Reached XP level 3. HP: 38/38 MP: 3/3
   837 | D:1      | Reached skill level 1 in Invocations
  1214 | D:2      | Reached skill level 1 in Short Blades
  1214 | D:2      | Reached skill level 1 in Long Blades
  1214 | D:2      | Reached skill level 1 in Axes
  1214 | D:2      | Reached skill level 1 in Maces & Flails
  1214 | D:2      | Reached skill level 1 in Polearms
  1214 | D:2      | Reached skill level 1 in Ranged Weapons
  1214 | D:2      | Reached skill level 1 in Armour
  1214 | D:2      | Reached skill level 1 in Dodging
  1214 | D:2      | Reached skill level 1 in Stealth
  1214 | D:2      | Reached skill level 1 in Shields
  1214 | D:2      | Reached skill level 1 in Unarmed Combat
  1214 | D:2      | Reached skill level 1 in Spellcasting
  1214 | D:2      | Reached skill level 1 in Evocations
  1559 | D:2      | Reached XP level 4. HP: 45/45 MP: 5/5
  1894 | D:2      | Learned a level 1 spell: Magic Dart
  2292 | D:3      | Reached skill level 1 in Conjurations
  2292 | D:3      | Reached skill level 1 in Hexes
  2292 | D:3      | Reached skill level 1 in Summonings
  2292 | D:3      | Reached skill level 1 in Necromancy
  2292 | D:3      | Reached skill level 1 in Translocations
  2292 | D:3      | Reached skill level 1 in Transmutations
  2292 | D:3      | Reached skill level 1 in Fire Magic
  2292 | D:3      | Reached skill level 1 in Ice Magic
  2292 | D:3      | Reached skill level 1 in Air Magic
  2292 | D:3      | Reached skill level 1 in Earth Magic
  2292 | D:3      | Reached skill level 1 in Poison Magic
  2740 | D:3      | Found Akecoum's Distillery.
  3309 | D:3      | Noticed Ijyb
  3321 | D:3      | Killed Ijyb
  3511 | D:3      | Upgraded the game from 0.30-a0-840-ga523dec638 to
                  | 0.30-a0-852-g08b95dd62f
  3537 | D:3      | Bought a potion of curing for 33 gold pieces
  3828 | D:4      | Reached XP level 5. HP: 51/51 MP: 7/7
  4016 | D:4      | Noticed an ogre
  4029 | D:4      | Killed an ogre
  4030 | D:4      | Reached XP level 6. HP: 34/57 MP: 8/8
  4569 | D:4      | Found a stormy altar of Qazlal.
  4569 | D:4      | Found a shimmering altar of Xom.
  4573 | D:4      | Became a worshipper of Qazlal Stormbringer
  4602 | D:4      | Upgraded the game from 0.30-a0-852-g08b95dd62f to
                  | 0.30-a0-857-gcaf70739d4
  4693 | D:5      | Entered Level 5 of the Dungeon
  4724 | D:4      | Gained mutation: You have hidden genetic potential. [potion
                  | of mutation]
  4954 | D:5      | Reached XP level 7. HP: 36/63 MP: 10/10
  5115 | D:5      | Found a glowing golden altar of the Shining One.
  5115 | D:5      | Found a white marble altar of Elyvilon.
  5115 | D:5      | Found a glowing silver altar of Zin.
  5390 | D:5      | Gained mutation: You passively dampen the noise of your
                  | surroundings. [hidden potential]
  6139 | D:6      | Reached XP level 8. HP: 48/71 MP: 12/12
  6248 | D:6      | Found a sparkling altar of Nemelex Xobeh.
  6357 | D:6      | Found a sand-covered staircase.
  6361 | Ossuary  | Entered an ossuary
  6361 | Ossuary  | Noticed a wraith
  6361 | Ossuary  | Noticed a wraith
  6361 | Ossuary  | Noticed a wraith
  6873 | Ossuary  | Noticed a wraith
  6883 | Ossuary  | Killed a wraith
  6889 | Ossuary  | Gained mutation: You are strong-willed. (Will+) [hidden
                  | potential]
  6889 | Ossuary  | Lost mutation: You have hidden genetic potential. [hidden
                  | potential expressed]
  7270 | D:6      | Reached skill level 11 in Staves
  7590 | D:6      | Reached * piety under Qazlal
  7843 | D:6      | Reached XP level 9. HP: 66/77 MP: 14/14
  8440 | D:6      | Found a staircase to the Ecumenical Temple.
  8845 | D:7      | Reached skill level 5 in Throwing
  9133 | D:7      | Reached ** piety under Qazlal
  9706 | D:7      | Found Gadelioj's Assorted Antiques.
  9709 | D:7      | Bought a buzzing scimitar for 252 gold pieces
  9709 | D:7      | Identified the +4 scimitar of Qioxiac {vamp, rF+ Will+}
                  | (You bought it in a shop on level 7 of the Dungeon)
  9817 | D:7      | Found a runed translucent door.
  9818 | D:7      | Noticed oldmanjim's ghost (novice FoHu)
  9830 | D:7      | Killed oldmanjim's ghost
  9831 | D:7      | Reached skill level 5 in Invocations
 10259 | D:8      | Found a runed translucent door.
 10260 | D:8      | Noticed Nabski's ghost (novice TeFE)
 10303 | D:8      | Killed Nabski's ghost
 10304 | D:8      | Reached skill level 10 in Fighting
 10304 | D:8      | Reached skill level 5 in Short Blades
 10304 | D:8      | Reached skill level 5 in Long Blades
 10304 | D:8      | Reached skill level 5 in Axes
 10304 | D:8      | Reached skill level 5 in Maces & Flails
 10304 | D:8      | Reached skill level 5 in Polearms
 10304 | D:8      | Reached skill level 5 in Ranged Weapons
 10304 | D:8      | Reached skill level 5 in Armour
 10304 | D:8      | Reached skill level 5 in Dodging
 10304 | D:8      | Reached skill level 5 in Stealth
 10304 | D:8      | Reached skill level 5 in Shields
 10304 | D:8      | Reached skill level 5 in Unarmed Combat
 10304 | D:8      | Reached skill level 5 in Spellcasting
 10304 | D:8      | Reached skill level 5 in Evocations
 10304 | D:8      | Reached XP level 10. HP: 68/85 MP: 17/17
 10984 | D:8      | Slain by a very large slime creature

Illustrated notes

Levels and vault maps discovered:
D:1:      giann_horns, layout_basic, serial_bayou_pond_a, minmay_pentomino_r4
D:2:      layout_basic
D:3:      layout_basic, serial_shops, nicolae_shop_advertising_works
          [nicolae_subvault_shop_adworks], grunt_decor_cap, uniq_ijyb
D:4:      layout_basic, gammafunk_temple_overflow_elements, serial_bayou,
          serial_bayou_lagoon_b, serial_bayou_pond_b, serial_bayou_shore_a,
          serial_bayou_pond_e, serial_bayou_pond_e
D:5:      layout_cave_pods, good_gods_mini_temple, item_on_display_a
D:6:      layout_loops_cross, nemelex_diamond_rough_becter, temple_hall,
          lightli_ossuary_entry_decrepit_ruins, hex_medium
D:7:      layout_rooms, serial_shops, nicolae_shop_behind_doors,
          ebering_ghost_reflecting_pool
D:8:      layout_loops_ring, gammafunk_ghost_grave, uniq_pikel

Skill      XL: |  1  2  3  4  5  6  7  8  9 10 |
---------------+-------------------------------+-----
Staves         | 11 | 11.7
Invocations    | 1 2 3 4 5 |  5.8
Short Blades   | 1 2 3 5 |  5.3
Long Blades    | 1 2 3 5 |  5.3
Axes           | 1 2 3 5 |  5.3
Maces & Flails | 1 2 3 5 |  5.3
Polearms       | 1 2 3 5 |  5.3
Ranged Weapons | 1 2 3 5 |  5.3
Armour         | 1 2 3 5 |  5.3
Dodging        | 1 2 3 5 |  5.3
Stealth        | 1 2 3 5 |  5.3
Shields        | 1 2 3 5 |  5.3
Unarmed Combat | 1 2 3 5 |  5.3
Spellcasting   | 1 2 3 5 |  5.3
Evocations     | 1 2 3 5 |  5.3
Conjurations   | 1 2 3 4 |  4.4
Hexes          | 1 2 3 4 |  4.4
Summonings     | 1 2 3 4 |  4.4
Necromancy     | 1 2 3 4 |  4.4
Translocations | 1 2 3 4 |  4.4
Transmutations | 1 2 3 4 |  4.4
Fire Magic     | 1 2 3 4 |  4.4
Ice Magic      | 1 2 3 4 |  4.4
Air Magic      | 1 2 3 4 |  4.4
Earth Magic    | 1 2 3 4 |  4.4
Poison Magic   | 1 2 3 4 |  4.4
Throwing       | 3 4 5 6 |  6.0
Fighting       | 9 10 | 10.1

Action                     |  1- 3 |  4- 6 |  7- 9 | 10-12 || total
---------------------------+-------+-------+-------+-------++-------
  Melee: Quarterstaff      |    89 |    82 |   265 |       ||   436
         Bite              |     4 |     8 |    38 |     9 ||    59
         Scimitar          |       |       |    63 |    56 ||   119
         Punch             |       |       |     3 |     2 ||     5
   Cast: Magic Dart        |       |    29 |    92 |    10 ||   131
    Use: Scroll            |       |     9 |     6 |       ||    15
         Potion            |       |     1 |       |     2 ||     3
   Stab: Sleeping          |       |     2 |       |       ||     2
         Distracted        |       |     1 |       |       ||     1
 Armour: Robe              |     1 |       |       |       ||     1
         Ring mail         |    38 |    28 |   112 |    19 ||   197
  Dodge: Dodged            |    60 |    31 |   147 |    28 ||   266
  Block: Other             |       |       |    17 |     2 ||    19

Table legend: (Time is in decaauts)
 A = Elapsed time spent in this place.
 B = Non-inter-level travel time spent in this place.
 C = Inter-level travel time spent in this place.
 D = Time resting spent in this place.
 E = Time spent auto-exploring this place.
 F = Levels seen in this place.
 G = Mean time per level.
                   A        B        C        D        E       F      G
               +--------+--------+--------+--------+--------+-----+--------+
         Total |  10959 |  10959 |      0 |   3065 |      0 |   9 | 1217.7 |
       Dungeon |  10145 |  10145 |      0 |   2714 |      0 |   8 | 1268.1 |
       Ossuary |    813 |    813 |      0 |    351 |      0 |   1 |  813.0 |
               +--------+--------+--------+--------+--------+-----+--------+

Top non-repeatable levels by time:
     D:6: 1596 daAuts
     D:7: 1525 daAuts
     D:5: 1405 daAuts
     D:3: 1366 daAuts
     D:4: 1182 daAuts
     D:2: 1156 daAuts
     D:1: 1015 daAuts
     D:8: 897 daAuts
 Ossuary: 813 daAuts
